 Dungeon Crawl Stone Soup version 0.29.1-15-g9cfb28693d (webtiles) character file.

Game seed: 10082866255864989659

128764 fleeber the Marksfrog (level 17, -16/144 HPs)
             Began as a Barachi Hunter on Mar 16, 2023.
             Was a High Priest of Cheibriados.
             Demolished by a naga warrior
             ... wielding a +0 scimitar
              (39 damage)
             ... on level 3 of the Snake Pit on Mar 19, 2023.
             The game lasted 02:13:40 (28347 turns).

fleeber the Marksfrog (Barachi Hunter)             Turns: 28347, Time: 02:13:41

Health: -16/144    AC: 19    Str: 25    XL:     17   Next: 4%
Magic:  11/34      EV: 27    Int: 43    God:    Cheibriados [*****.]
Gold:   1815       SH:  0    Dex: 35    Spells: 16/16 levels left

rFire   . . .      SeeInvis .   B - +7 arbalest of Abomination {penet, rC+ Int+2}
rCold   + . .      Faith    .   (shield currently unavailable)
rNeg    + + .      Spirit   .   Q - +1 ring mail "Lerakkie" {rN+ Stlth+}
rPois   +          Reflect  .   D - +3 hat of Pondering {ponderous, Will+ MP+10 Int+5}
rElec   +          Harm     .   y - +2 cloak
rCorr   .          Rampage  .   w - +2 pair of gloves of Resonance {Will+ Int+4}
Will    +++..                   l - +2 pair of boots
Stlth   ++++++....              v - amulet of the acrobat
HPRegen 0.34/turn               T - ring of poison resistance
MPRegen 0.24/turn               U - ring "Fuiddus" {+Blink rElec rN+ Str-3 Int+7}

@: constricted, studying Axes, very slow
A: amphibious, slowness 1, strong legs 2, +LOS
a: Hop, Renounce Religion, Evoke Blink, Bend Time, Temporal Distortion, Slouch,
Step From Time


You were on level 3 of the Snake Pit.
You worshipped Cheibriados.
Cheibriados was extremely pleased with you.
You visited 5 branches of the dungeon, and saw 26 of its levels.

You collected 4054 gold pieces.
You spent 2239 gold pieces at shops.

Inventory:

Hand Weapons
 B - the +7 arbalest of Abomination (weapon) {penet, rC+ Int+2}
   (You bought it in a shop on level 6 of the Dungeon)

   Any ammunition fired by it passes through the targets it hits, potentially
   hitting all targets in its path until it reaches maximum range.
   Int:       It affects your intelligence (+2).
   rC:        It protects you from cold.
Missiles
 O - 3 throwing nets
Armour
 l - a +2 pair of boots (worn)
 w - the +2 pair of gloves of Resonance (worn) {Will+ Int+4}
   (You bought it in a shop on level 1 of the Snake Pit)

   Int:       It affects your intelligence (+4).
   Will:      It increases your willpower.
 y - a +2 cloak (worn)
 D - the +3 hat of Pondering (worn) {ponderous, Will+ MP+10 Int+5}
   (You found it on level 7 of the Dungeon)

   Int:       It affects your intelligence (+5).
   MP:        It affects your magic capacity (+10).
   Will:      It increases your willpower.
 K - +0 acid dragon scales
 Q - the +1 ring mail "Lerakkie" (worn) {rN+ Stlth+}
   (You found it on level 14 of the Dungeon)

   rN:        It protects you from negative energy.
   Stlth:     It makes you more stealthy.
Jewellery
 g - a +4 ring of slaying
 k - a ring of see invisible
 v - an amulet of the acrobat (around neck)
 T - a ring of poison resistance (left hand)
 U - the ring "Fuiddus" (right hand) {+Blink rElec rN+ Str-3 Int+7}
   (You found it on level 5 of the Lair of Beasts)

   [ring of positive energy]

   Str:       It affects your strength (-3).
   Int:       It affects your intelligence (+7).
   rElec:     It insulates you from electricity.
   rN:        It protects you from negative energy.
   +Blink:    It lets you blink.
 W - a ring of protection from fire
Wands
 a - a wand of digging (6)
 f - a wand of flame (8)
 i - a wand of roots (12)
 t - a wand of quicksilver (34)
 u - a wand of charming (26)
 F - a wand of mindburst (3)
 N - a wand of polymorph (4)
Scrolls
 b - 6 scrolls of immolation
 c - 5 scrolls of butterflies
 d - 2 scrolls of magic mapping
 j - 5 scrolls of fear
 q - 3 scrolls of poison
 s - a scroll of silence
 A - 2 scrolls of amnesia
 I - a scroll of noise
 J - 9 scrolls of teleportation
 L - 2 scrolls of vulnerability {unknown}
 M - 3 scrolls of enchant weapon
 V - 2 scrolls of enchant armour
Potions
 e - 2 potions of berserk rage
 h - 9 potions of mutation
 m - 2 potions of ambrosia
 n - 5 potions of attraction
 p - 3 potions of resistance
 r - 3 potions of might
 z - 5 potions of flight
 G - 13 potions of curing
 H - 3 potions of cancellation
 P - 4 potions of lignification
 R - 2 potions of invisibility
 S - a potion of magic
 Y - 2 potions of brilliance
Miscellaneous
 C - a tin of tremorstones (2/2)
 E - a phantom mirror


   Skills:
 + Level 16.2 Fighting
 - Level 18.0 Ranged Weapons
 - Level 4.0 Armour
 + Level 15.0 Dodging
 + Level 9.2 Stealth
 + Level 10.4 Invocations
 + Level 6.7 Evocations


You had 16 spell levels left.
You didn't know any spells.
Your spell library contained the following spells:

 Spells                   Type           Power      Damage    Failure   Level
 Beastly Appendage        Tmut           0%         N/A       6%          1
 Foxfire                  Conj/Fire      0%         2x1d4     6%          1
 Necrotise                Necr           0%         1d4       6%          1
 Shock                    Conj/Air       0%         1d3       6%          1
 Scorch                   Fire           0%         2d5       9%          2
 Sublimation of Blood     Necr           0%         N/A       9%          2
 Wereblood                Tmut           0%         N/A       9%          2
 Conjure Flame            Conj/Fire      0%         6-21      17%         3
 Frozen Ramparts          Ice            0%         1d1       17%         3
 Ignite Poison            Fire/Tmut/Pois 0%         N/A       17%         3
 Inner Flame              Hex/Fire       0%         N/A       17%         3
 Ozocubu's Armour         Ice            0%         N/A       17%         3
 Spider Form              Tmut/Pois      0%         N/A       17%         3
 Tukima's Dance           Hex            0%         N/A       17%         3
 Vampiric Draining        Necr           0%         2d6       17%         3
 Anguish                  Hex/Necr       0%         N/A       50%         4
 Corpse Rot               Necr/Pois/Air  0%         N/A       50%         4
 Dispel Undead            Necr           0%         3d6       50%         4
 Flame Wave               Conj/Fire      0%         2d4       50%         4
 Hailstorm                Conj/Ice       0%         3d3       50%         4
 Ice Form                 Ice/Tmut       0%         N/A       50%         4
 Passage of Golubria      Tloc           0%         N/A       50%         4
 Petrify                  Tmut/Erth      0%         N/A       50%         4
 Sticky Flame             Conj/Fire      0%         2d3       50%         4
 Summon Ice Beast         Ice/Summ       0%         N/A       50%         4
 Summon Lightning Spire   Summ/Air       0%         N/A       50%         4
 Agony                    Necr           0%         N/A       85%         5
 Irradiate                Conj/Tmut      0%         3d11      85%         5
 Metabolic Englaciation   Hex/Ice        0%         N/A       85%         5
 Yara's Violent Unravell  Hex/Tmut       0%         3d3       85%         5
 Death Channel            Necr           0%         N/A       100%        6
 Simulacrum               Ice/Necr       0%         N/A       100%        6
 Statue Form              Tmut/Erth      0%         N/A       100%        6
 Summon Cactus Giant      Summ           0%         N/A       100%        6
 Enfeeble                 Hex            0%         N/A       100%        7
 Ozocubu's Refrigeration  Ice            0%         4d7       100%        7
 Spellforged Servitor     Conj/Summ      0%         N/A       100%        7
 Storm Form               Tmut/Air       0%         N/A       100%        7
 Maxwell's Capacitive Co  Air            0%         ∞         100%        8


Dungeon Overview and Level Annotations

Branches:
Dungeon (15/15)            Temple (1/1) D:4            Lair (5/5) D:8
  Swamp (0/4) Lair:3        Snake (3/4) Lair:2        Slime (0/5) Lair:5
    Orc (2/2) D:11            Elf (0/3) Orc:2        Vaults (0/5) D:14
 Depths (0/4) D:15

Altars:
Ashenzari
Cheibriados
Dithmenos
Elyvilon
Fedhas
Gozag
Hepliaklqana
Kikubaaqudgha
Makhleb
Nemelex Xobeh
Okawaru
Qazlal
Ru
Sif Muna
Trog
Uskayaw
Vehumet
Wu Jian
Xom
Yredelemnul
Zin
The Shining One
Jiyva

Shops:
D:4 (*(   D:5 *   D:6 (   Orc:2 :[![   Snake:1 ?*![

Annotations:
D:4 1 runed translucent door, Crazy Yiuf
D:6 exclusion: downstairs
D:7 exclusion: downstairs
Lair:4 exclusion: downstairs
Snake:2 3 runed translucent doors, exclusion: obsidian statue, Tang's ghost, journeyman SpDe


Innate Abilities, Weirdness & Mutations

You are amphibious.
You cover ground slowly.
You can hop long distances.
You have an extended range of vision and can be seen from far away.


Message History

The naga warrior constricts you.
Activating: Slouch (1% risk of failure)
Press: ? - help, Dir - look around, f - activate You can feel time thicken for a moment.
Cheibriados lowers the support of your attributes as your movement quickens.
The naga warrior completely misses you. The naga warrior constricts you.
The naga warrior roars a battlecry!
The naga warrior goes into a battle-frenzy!
Fire: B) +7 arbalest of Abomination {penet, rC+ Int+2}
Press: ? - help, Q - select action, (/) - cycle Shift-Dir - straight line, f - naga warrior
Aim: a naga warrior, wielding a +0 glaive (almost dead, strong, 79% to hit)
You shoot a bolt.
The bolt pierces through the naga warrior!!
You kill the naga warrior!
Cheibriados appreciates the change of pace.
The naga warrior barely misses you. The naga warrior constricts you.
The naga warrior misses you. The naga warrior constricts you.
Your Dodging skill increases to level 15!
Fire: B) +7 arbalest of Abomination {penet, rC+ Int+2}
Press: ? - help, Q - select action, (/) - cycle Shift-Dir - straight line, f - naga warrior
Aim: a naga warrior, wielding a +0 scimitar, wearing a +0 robe and wearing a +1 tower shield of positive energy (severely wounded, constricting you, strong, 83% to hit)
You shoot a bolt.
The bolt pierces through the naga warrior!!
The naga warrior is almost dead.
The naga warrior hits you with a +0 scimitar!!!
* * * LOW HITPOINT WARNING * * *
The naga warrior constricts you.
* * * LOW HITPOINT WARNING * * *
You hear an angry hiss.
Hop to where?
Press: ? - help, Dir - move target, p - naga warrior The naga warrior's grasp on you weakens, but your attempt to escape fails.
The naga warrior misses you. The naga warrior constricts you.
Press: ? - help, v - describe, . - travel
Here: a naga warrior, wielding a +0 scimitar, wearing a +0 robe and wearing a +1 tower shield of positive energy (almost dead, constricting you, strong)
The floor, spattered with blood.
Unknown command.
You feel much better.
The naga warrior hits you with a +0 scimitar!!!
You die...

##.............. .....#
...... ....## ......
..### ##...# ^†.###
##...# .....###....# ##
...†..##...# ##### ..#
.....).....###.))#...##.=
........)..##..)@).†.....
...........#....N......).
.........................
........>.............#..
.................######
......##.......###
......#####.#### .....##
### .....#


You could see a naga warrior (strong).

Vanquished Creatures
  Nessos (D:12)
  2 ettins
  A yaktaur captain (D:15)
  4 boulder beetles
  Harold (Lair:2)
  11 hydras
  An ice dragon (D:14)
  6 anacondas
  4 naga warriors
  8 centaur warriors
  5 two-headed ogres
  A merfolk avatar (Lair:5)
  A catoblepas (D:14)
  10 death yaks
  6 naga sharpshooters
  2 shock serpents
  A spriggan (Lair:5)
  Sonja (D:12)
  5 sea snakes
  A salamander mystic (Snake:3)
  2 skeletal warriors (D:15)
  2 naga ritualists
  A spriggan simulacrum (D:15)
  A phantasmal warrior (D:15)
  4 harpies
  3 orc knights
  2 deep elf pyromancers
  An orc sorcerer (Orc:2)
  9 mana vipers
  An oklob plant (Lair:5)
  7 salamanders
  A necromancer (D:15)
  4 cyclopes
  A shadow dragon skeleton (D:15)
  A frost giant zombie (D:15)
  17 ugly things
  4 manticores
  5 naga magi
  15 elephants
  23 black mambas
  2 guardian serpents (Snake:3)
  2 torpor snails
  A sphinx skeleton (D:15)
  A gargoyle (D:13)
  13 cane toads
  A cane toad (shapeshifter) (D:13)
  A molten gargoyle (D:13)
  A kobold demonologist (D:11)
  4 rime drakes
  3 unseen horrors
  5 komodo dragons
  8 trolls
  2 wind drakes (Lair:5)
  2 polar bears (D:13)
  5 hornets
  7 dream sheep (Lair:3)
  4 blink frogs (Lair:1)
  14 slime creatures
  2 snapping turtles (Lair:5)
  A centaur simulacrum (D:15)
  2 shadows
  A dire elephant simulacrum (D:15)
  8 wyverns
  4 wraiths
  A spriggan skeleton (D:15)
  2 fire elementals
  50 yaks
  4 basilisks
  5 steam dragons
  3 minotaur simulacra (D:15)
  3 wargs
  20 vampire mosquitoes
  An acid dragon (D:11)
  21 nagas
  11 water moccasins
  An ice beast (D:8)
  34 orc warriors
  A black bear (Lair:4)
  3 ogres
  An alligator simulacrum (D:15)
  36 wolves
  23 centaurs
  4 kobold brigands
  3 necrophages
  11 bullfrogs
  5 scorpions
  A gnoll sergeant (D:7)
  A deep troll simulacrum (D:15)
  8 wights
  A lindwurm simulacrum (D:15)
  5 killer bees
  8 howler monkeys
  3 electric eels
  4 hounds (D:6)
  2 jellies
  6 orc priests
  A gnoll bouda (D:6)
  An iguana (D:5)
  Jessica (D:2)
  16 orc wizards
  9 gnolls
  10 adders
  2 river rats (D:8)
  3 shadow imps
  An ufetubus (D:4)
  3 worms
  9 dart slugs
  52 orcs
  4 bats
  8 endoplasms
  2 giant cockroaches
  4 goblins
  4 hobgoblins
  6 jackals
  27 kobolds
  5 quokkas
  6 ball pythons
  2 frilled lizards (D:1)
  6 rats
734 creatures vanquished.

Vanquished Creatures (others)
  A salamander (Snake:3)
  52 fungi
  119 plants
  6 withered plants (D:15)
178 creatures vanquished.

Grand Total: 912 creatures vanquished

Notes
Turn   | Place    | Note
-------+----------+-------------------------------------------
     0 | D:1      | fleeber the Barachi Hunter began the quest for the Orb.
     0 | D:1      | Reached XP level 1. HP: 17/17 MP: 1/1
    71 | D:1      | Reached skill level 1 in Stealth
   197 | D:1      | Reached XP level 2. HP: 23/23 MP: 2/2
   540 | D:1      | Reached XP level 3. HP: 25/28 MP: 3/3
   816 | D:1      | Found a faded altar of an unknown god.
  1103 | D:2      | Reached XP level 4. HP: 31/35 MP: 4/4
  1471 | D:2      | Noticed Jessica
  1481 | D:2      | Killed Jessica
  1844 | D:2      | Reached skill level 5 in Ranged Weapons
  1844 | D:2      | Reached XP level 5. HP: 37/41 MP: 5/5
  1972 | D:3      | Found a radiant altar of Vehumet.
  2058 | D:3      | Found a shadowy altar of Dithmenos.
  2538 | D:4      | Found Jax Kapt's General Store.
  2553 | D:4      | Bought a potion of heal wounds for 60 gold pieces
  2661 | D:4      | Found Nisk's Weapon Emporium.
  2883 | D:4      | Found a hazy altar of Hepliaklqana.
  2920 | D:4      | Found Huenni Zout's Weapon Emporium.
  3012 | D:4      | Found a staircase to the Ecumenical Temple.
  3030 | Temple   | Entered the Ecumenical Temple
  3265 | D:4      | Found a sparkling altar of Nemelex Xobeh.
  3482 | D:4      | Found a runed translucent door.
  3483 | D:4      | Noticed Crazy Yiuf
  3638 | D:5      | Entered Level 5 of the Dungeon
  3804 | D:5      | Reached XP level 6. HP: 16/48 MP: 6/6
  4076 | D:5      | Found a bloodstained altar of Trog.
  4351 | D:5      | Reached skill level 6 in Ranged Weapons
  4351 | D:5      | Reached XP level 7. HP: 33/55 MP: 7/7
  4526 | D:5      | Found a burning altar of Makhleb.
  4898 | D:5      | Found Plog's General Store.
  4904 | D:5      | Bought a scroll of enchant armour for 112 gold pieces
  4904 | D:5      | Bought a +0 cloak for 67 gold pieces
  5357 | D:6      | Reached skill level 5 in Fighting
  5361 | D:6      | Noticed a troll
  5392 | D:6      | Killed a troll
  5393 | D:6      | Reached skill level 7 in Ranged Weapons
  5393 | D:6      | Reached skill level 5 in Dodging
  5393 | D:6      | Reached XP level 8. HP: 6/63 MP: 8/8
  5843 | D:6      | Found Cuaziss's Antique Weapon Boutique.
  6569 | D:6      | Reached skill level 8 in Ranged Weapons
  6713 | D:7      | Reached XP level 9. HP: 64/70 MP: 9/9
  6790 | D:8      | Reached skill level 5 in Stealth
  6855 | D:8      | Found a staircase to the Lair.
  6855 | D:8      | Noticed a death yak
  6855 | D:8      | Noticed a death yak
  6892 | D:8      | Noticed a death yak
  7401 | D:7      | Identified the +8 scimitar of the Special Wonders {elec,
                  | Dex+3}
  7401 | D:7      | Identified the +7 spear of Hedeb {antimagic, Fly}
  7611 | D:8      | Reached skill level 9 in Ranged Weapons
  7968 | D:7      | Reached XP level 10. HP: 30/80 MP: 10/10
  8049 | D:6      | Bought a transparent arbalest for 247 gold pieces
  8049 | D:6      | Identified the +7 arbalest of Abomination {penet, rC+
                  | Int+2} (You bought it in a shop on level 6 of the Dungeon)
  8437 | D:7      | Identified the +5 rapier of Agakuapp {holy, rPois rC+ SInv}
  8520 | D:7      | Reached skill level 10 in Ranged Weapons
  8531 | D:7      | Noticed a deep elf pyromancer
  8535 | D:7      | Killed a deep elf pyromancer
  8538 | D:7      | Found the +3 hat of Pondering {ponderous, Will+ MP+10
                  | Int+5}
  8642 | D:7      | Found a hide-covered altar of Uskayaw.
  8881 | D:8      | Killed a death yak
  9324 | D:9      | Found a sacrificial altar of Ru.
  9938 | D:8      | Found a snail-covered altar of Cheibriados.
  9952 | D:8      | Became a worshipper of Cheibriados the Contemplative
  9962 | D:8      | Found a broken altar of Ashenzari.
 10054 | D:10     | Entered Level 10 of the Dungeon
 10288 | D:10     | Noticed a two-headed ogre
 10290 | D:10     | Killed a two-headed ogre
 10291 | D:10     | Reached skill level 11 in Ranged Weapons
 10333 | D:10     | Reached XP level 11. HP: 89/89 MP: 11/11
 10800 | D:10     | Noticed a boulder beetle
 10812 | D:10     | Killed a boulder beetle
 11470 | D:11     | Found a staircase to the Orcish Mines.
 11511 | D:11     | Noticed a two-headed ogre
 11517 | D:11     | Killed a two-headed ogre
 11623 | D:11     | Noticed a cyclops
 11625 | D:11     | Noticed a two-headed ogre
 11626 | D:11     | Killed a cyclops
 11627 | D:11     | Reached skill level 1 in Invocations
 11627 | D:11     | Reached skill level 1 in Evocations
 11627 | D:11     | Killed a two-headed ogre
 11628 | D:11     | Reached skill level 12 in Ranged Weapons
 11695 | D:11     | Noticed a cyclops
 11697 | D:11     | Killed a cyclops
 11698 | D:11     | Found an ornate altar of the Wu Jian Council.
 11920 | D:11     | Reached * piety under Cheibriados
 11921 | D:11     | Reached skill level 10 in Fighting
 12234 | Lair:1   | Entered Level 1 of the Lair of Beasts
 12471 | Lair:1   | Reached XP level 12. HP: 48/97 MP: 13/13
 13050 | Lair:2   | You fall into a shaft and drop 1 floor!
 13105 | Lair:3   | Reached ** piety under Cheibriados
 13605 | Lair:2   | Reached skill level 13 in Ranged Weapons
 13635 | Lair:2   | Reached skill level 10 in Dodging
 14093 | Lair:3   | Found a staircase to the Swamp.
 14496 | Lair:2   | Found a staircase to the Snake Pit.
 14873 | Lair:2   | Reached *** piety under Cheibriados
 14984 | Lair:2   | Noticed Harold
 14987 | Lair:2   | Killed Harold
 15196 | Lair:2   | Noticed a death yak
 15197 | Lair:2   | Noticed a death yak
 15201 | Lair:2   | Noticed a death yak
 15201 | Lair:2   | Noticed a death yak
 15203 | Lair:2   | Killed a death yak
 15204 | Lair:2   | Gained mutation: You can hop long distances. [Barachi
                  | growth]
 15204 | Lair:2   | Reached XP level 13. HP: 106/106 MP: 16/16
 15205 | Lair:2   | Reached skill level 14 in Ranged Weapons
 15207 | Lair:2   | Reached skill level 5 in Invocations
 15735 | Lair:4   | Found a glowing golden altar of the Shining One.
 15979 | Lair:4   | Reached **** piety under Cheibriados
 16949 | Lair:5   | Entered Level 5 of the Lair of Beasts
 16954 | Lair:5   | Reached ***** piety under Cheibriados
 17206 | Lair:4   | Reached skill level 15 in Ranged Weapons
 17651 | Lair:5   | Reached XP level 14. HP: 116/116 MP: 18/18
 17825 | Lair:5   | Reached ****** piety under Cheibriados
 17956 | Lair:5   | Found a staircase to the Slime Pits.
 17956 | Lair:5   | Found a viscous altar of Jiyva.
 18229 | Lair:5   | Reached skill level 16 in Ranged Weapons
 18757 | Lair:5   | Identified the ring "Fuiddus" {+Blink rElec rN+ Str-3
                  | Int+7}
 19272 | D:12     | Noticed Sonja
 19275 | D:12     | Noticed Nessos
 19276 | D:12     | Killed Sonja
 19279 | D:12     | Killed Nessos
 19835 | Orc:1    | Entered Level 1 of the Orcish Mines
 19838 | Orc:1    | Reached XP level 15. HP: 126/126 MP: 21/21
 19878 | Orc:1    | You fall into a shaft and drop 1 floor!
 19878 | Orc:2    | Entered Level 2 of the Orcish Mines
 19878 | Orc:2    | Found a staircase to the Elven Halls.
 19923 | Orc:2    | Reached skill level 17 in Ranged Weapons
 20138 | Orc:1    | Found a bloodstained altar of Trog.
 20735 | Orc:2    | Found Ichebodd's Distillery.
 20735 | Orc:2    | Found Ygary's Antique Armour Shoppe.
 20738 | Orc:2    | Found Xiuxaecyl's Book Emporium.
 20740 | Orc:2    | Found Kanlaet's Antique Armour Shop.
 20744 | Orc:2    | Bought a potion of curing for 48 gold pieces
 20744 | Orc:2    | Bought a potion of heal wounds for 80 gold pieces
 20752 | Orc:2    | Bought a dazzling scale mail for 198 gold pieces
 20752 | Orc:2    | Identified the +3 scale mail "Xiuch" {Int+4 Dex-2} (You
                  | bought it in a shop on level 2 of the Orcish Mines)
 21708 | D:13     | Found a bloodstained altar of Trog.
 23240 | D:14     | Identified the +1 ring mail "Lerakkie" {rN+ Stlth+}
 23369 | D:14     | Found a gate to the Vaults.
 23541 | D:15     | Entered Level 15 of the Dungeon
 23688 | D:15     | Reached skill level 15 in Fighting
 23874 | D:15     | Found a staircase to the Depths.
 23906 | D:15     | Reached skill level 18 in Ranged Weapons
 23918 | D:15     | Reached XP level 16. HP: 136/136 MP: 23/23
 24121 | D:14     | Reached skill level 1 in Armour
 24626 | D:15     | Got the Codex of Bolts
 24818 | Orc:2    | Bought a dyed leather armour for 85 gold pieces
 24837 | Orc:2    | Bought a glowing leather armour for 110 gold pieces
 25064 | Snake:1  | Entered Level 1 of the Snake Pit
 25337 | Snake:1  | Identified a scroll of acquirement
 25338 | Snake:1  | Acquired 588 gold pieces
 25504 | Snake:1  | Reached skill level 5 in Evocations
 25586 | Snake:1  | Found Rets's Assorted Antiques.
 25588 | Snake:1  | Found Qyets's Armour Emporium.
 25595 | Snake:1  | Bought a scroll of identify for 58 gold pieces
 25595 | Snake:1  | Bought a scroll of fear for 116 gold pieces
 25595 | Snake:1  | Bought a scroll of teleportation for 87 gold pieces
 25595 | Snake:1  | Bought a scroll of identify for 58 gold pieces
 25601 | Snake:1  | Found Qoquin Gony's Magic Scroll Emporium.
 25603 | Snake:1  | Found Ukhesua's Distillery.
 25607 | Snake:1  | Bought a scroll of magic mapping for 112 gold pieces
 25607 | Snake:1  | Bought a scroll of identify for 30 gold pieces
 25614 | Snake:1  | Bought a potion of curing for 36 gold pieces
 25614 | Snake:1  | Bought a potion of curing for 36 gold pieces
 25614 | Snake:1  | Bought a potion of invisibility for 96 gold pieces
 25623 | Snake:1  | Bought the +2 pair of gloves of Resonance {Will+ Int+4} for
                  | 603 gold pieces
 26595 | Snake:2  | Reached skill level 10 in Invocations
 26917 | Snake:2  | Found a runed translucent gate.
 26917 | Snake:2  | Found a runed translucent gate.
 26917 | Snake:2  | Found an opulent altar of Gozag.
 26917 | Snake:2  | Found a runed translucent gate.
 26921 | Snake:2  | Noticed Tang's ghost (journeyman SpDe)
 27816 | Snake:3  | Acquired 643 gold pieces
 28334 | Snake:3  | Reached XP level 17. HP: 144/144 MP: 24/24
 28345 | Snake:3  | Reached skill level 15 in Dodging
 28347 | Snake:3  | Demolished by a naga warrior

Illustrated notes

Levels and vault maps discovered:
D:1:      dpeg_arrival_connections, layout_basic,
          ebering_ecumenical_altar_sacrificial
D:2:      layout_basic, serial_curves, eino_curves_04, eino_curves_01,
          dreamdust_princess_bridge, kennysheep_jessica_study
D:3:      layout_basic, general_overflow_altar, nicolae_dithmenos_shadow_blocks
D:4:      layout_cave_pods, nemelex_spade_bored_becter, lemuel_tele_altar,
          minmay_temple_entry_offerings, serial_shops, shop, shop,
          nicolae_stop_n_shop_1, mrwooster_statue_mirror, amethyst_killhole,
          uniq_crazy_yiuf_cottage
D:5:      layout_basic, mainiacjoe_overflow_concentric_impassable,
          lightli_temple_of_fire, serial_shops, nicolae_square_shop
D:6:      layout_cave_pools, serial_shops, shop_fountains, minmay_manual_maat
D:7:      layout_loops_cross, mainiacjoe_overflow_24_doors, minmay_the_grid_2x2
          [minmay_the_grid_dragon_b, minmay_the_grid_expand,
          minmay_the_grid_doors, minmay_the_grid_prize_diamond_cup]
D:8:      layout_rooms, mainiacjoe_overflow_big_doors, dpeg_lair_monsters,
          enter_bailey_1
D:9:      layout_stronghold, nicolae_ru_the_path_less_chosen,
          kennysheep_generic_room_15
D:10:     layout_layer_cave
D:11:     layout_irregular_city, serial_column_ruins,
          column_ruins_columns_straight, column_ruins_grid_3,
          column_ruins_grid_2, column_ruins_grid_1, column_ruins_grid_1,
          minmay_stone_trees_large, nzn_wu_jian_contemplation
D:12:     layout_cave_pools, minivault_11, chequers_serial_rivers_micro_c,
          uniq_nessos, uniq_sonja
D:13:     layout_basic, trog_ov_bears_minmay
D:14:     layout_cave_pools, david_vaults_4, kennysheep_cross_room, minmay_puff
D:15:     gammafunk_depths_entry_grave, layout_rooms,
          portal_ice_cave_entry_ice_simulacra, chequers_serial_rivers_marsh,
          minmay_evil_grid
Temple:   hellmonk_temple_flake
Lair:1:   layout_regular_city, grunt_megastairs_4
Lair:2:   layout_hall_layers, guppyfry_snake_entry_island, uniq_harold
Lair:3:   layout_cave_pods, swamp_mist, minmay_holes
Lair:4:   layout_long_grid, basic_altar, serial_bayou_lagoon_a,
          chequers_serial_rivers_micro_d
Lair:5:   gammafunk_lair_ancient_temple, layout_long_grid, slime_entry_1,
          grunt_forest_large_clearings
Snake:1:  layout_grid_maze, nicolae_snake_serpentine_bazaar
Snake:2:  layout_gridlike, ebering_ghost_gozag
Snake:3:  layout_onion, hangedman_snake_pattern, nicolae_snake_double_loop,
          serial_bayou_shore_a, uniq_vashnia, uniq_aizul
Orc:1:    layout_diamond_mine, basic_altar
Orc:2:    st_orc_rangers, layout_caves, nicolae_orc_pool_cavern, mines1_david

Skill      XL: |  1  2  3  4  5  6  7  8  9 10 11 12 13 14 15 16 17 |
---------------+----------------------------------------------------+-----
Stealth        | 1 2 3 4 6 7 9 |  9.2
Fighting       | 3 4 5 6 7 9 10 11 12 14 15 16 | 16.2
Dodging        | 3 4 5 7 8 9 10 11 12 14 15 | 15.0
Ranged Weapons | 5 6 7 8 9 11 12 13 15 16 18 | 18.0
Invocations    | 2 4 6 8 9 10 | 10.4
Evocations     | 3 4 6 |  6.7
Armour         | 4 |  4.0

Action                   |  1- 3 |  4- 6 |  7- 9 | 10-12 | 13-15 | 16-18 || total
-------------------------+-------+-------+-------+-------+-------+-------++-------
Melee: Arbalest          |       |       |       |     1 |       |       ||     1
 Fire: Shortbow          |    80 |   237 |   458 |     7 |       |       ||   782
       Arbalest          |       |       |       |   356 |   790 |   323 ||  1469
Invok: Slouch            |       |       |       |       |     9 |     5 ||    14
       Temporal Distorti |       |       |       |       |     1 |       ||     1
 Abil: Hop               |       |       |       |       |     7 |     2 ||     9
Evoke: Wand              |       |       |       |     1 |     3 |     1 ||     5
  Use: Scroll            |       |    10 |     7 |     7 |    10 |     8 ||    42
       Potion            |       |       |     3 |     2 |     1 |     2 ||     8
Armor: Leather armour    |    10 |       |       |       |       |       ||    10
       Ring mail         |     5 |    67 |    19 |       |       |    15 ||   106
       Troll leather arm |       |       |    98 |    27 |       |       ||   125
       Acid dragon scale |       |       |       |    31 |    97 |    20 ||   148
Dodge: Dodged            |    18 |   117 |   388 |   214 |   555 |   229 ||  1521
